 Dungeon Crawl Stone Soup version 0.14-a0-3345-g9255d23 (webtiles) character file.

199 MrRokkomies the Insei (level 4, 0/32 HPs)
             Began as a Demonspawn Transmuter on Mar 17, 2014.
             Was an Initiate of Ashenzari.
             Slain by an orc
             ... wielding a +0,+0 dagger
              (2 damage)
             ... on Level 3 of the Dungeon.
             The game lasted 00:06:33 (3171 turns).

MrRokkomies the Insei (Demonspawn Transmuter)       Turns: 3171, Time: 00:06:33

HP   0/32        AC  2     Str 10      XL: 4   Next: 43%
MP   7/7         EV 12     Int 16      God: Ashenzari [......]
Gold 101         SH  0     Dex 13      Spells:  3 memorised,  1 level left

rFire  + + .     SeeInvis .       - Unarmed
rCold  . . .     Clarity  .     c - +0 robe
rNeg   . . .     Conserve .     (no shield)
rPois  .         rCorr    .     (helmet restricted)
rElec  .         rRot     .     (no cloak)
SustAb . .       Spirit   .     (no gloves)
rMut   .         Warding  .     (no boots)
Saprov . . .     Stasis   .     (no amulet)
MR     .....                    (no ring)
                                l - ring of protection from fire

@: appendage (expiring), not resistant to hostile enchantments, unstealthy
A: horns 2, talons 1, fire resistance 1, spiny 1
a: End Transformation, Renounce Religion


You were on level 3 of the Dungeon.
You worshipped Ashenzari.
Ashenzari was noncommittal.
You were not hungry.
You had grown temporary horns.
You visited 1 branch of the dungeon, and saw 3 of its levels.

You collected 101 gold pieces.

Inventory:

Hand weapons
 e - a cursed +0,-3 sling
 h - a cursed -1,+0 short sword
Missiles
 b - 34 arrows
 m - 5 darts of flame (quivered)
 p - 7 needles of sleeping
 t - 32 sling bullets
Armour
 c - a +0 robe (worn)
Comestibles
 a - 3 bread rations
 j - a lemon
 q - a meat ration
Scrolls
 i - 3 scrolls of identify
 k - a scroll of random uselessness {unknown}
 o - a scroll of remove curse
 r - a scroll of amnesia {unknown}
 s - a scroll of fog
 u - a scroll of enchant weapon I {unknown}
Jewellery
 l - a ring of protection from fire (left hand)
Potions
 f - a potion of invisibility
 g - a potion of mutation {unknown}
 n - a potion of curing
 v - a potion of haste {unknown}
Books
 d - a book of Changes

   Spells                             Type                      Level
   *Beastly Appendage                 Transmutation                1
   *Sticks to Snakes                  Transmutation                2
   *Spider Form                       Transmutation/Poison         3
   Ice Form                           Ice/Transmutation            4
   Blade Hands                        Transmutation                5


   Skills:
 - Level 1.0 Fighting
 - Level 1.7 Dodging
 + Level 4.1 Unarmed Combat
 - Level 2.0 Spellcasting
 * Level 2.9 Transmutations


You had one spell level left.
You knew the following spells:

 Your Spells              Type           Power        Failure   Level  Hunger
a - Beastly Appendage     Trmt           ##....       10%         1    #......
b - Spider Form           Trmt/Pois      #.........   38%         3    ####...
c - Sticks to Snakes      Trmt           ##........   12%         2    ###....


Dungeon Overview and Level Annotations

Branches:
Dungeon (3/15)

Altars:
Ashenzari
Vehumet


Innate Abilities, Weirdness & Mutations

You have sharp toenails.*
You are partially covered in sharp spines.*
You have a pair of horns on your head.*
Your flesh is heat resistant.*


Message History

The orc misses you. Something hits you.
You closely miss the orc.
The orc is moderately wounded.
The orc hits you with a dagger.
You hear some strange, mumbled words.
The puff of flame hits you! You resist.
You hit the orc. Your kick misses the orc.
You headbutt the orc, but do no damage.
The orc is severely wounded.
The orc barely misses you. Something hits you.
* * * LOW HITPOINT WARNING * * *
You barely miss the orc.
The orc is severely wounded.
The orc hits you with a dagger.
* * * LOW HITPOINT WARNING * * *
Something hits you.
* * * LOW HITPOINT WARNING * * *
You closely miss something. Your headbutt misses something.
The orc hits you with a dagger.
You die...

# ##....<..## ##.##
##.#..#. ##.....##
### #....#. ##...##
##...#. ##+## #
#....# #.# #. ####
#.#... ##### #.#
.###...# #.###. ....#
##.## ......###
#.###. ###.###...##
#.o......# #.....
#.#.##.....# #@#
#####. ....###...####
#%# #. #.#.#
##.#...###.##.# #.
#.#.######..........#
#.
#............###.####
## ....########## #.#
##### #.. ####


You could see an orc.

Vanquished Creatures
  Jessica (D:2)
  2 adders (D:2)
  2 oozes
  3 orcs (D:3)
  5 bats
  4 giant cockroaches
  4 goblins
  4 hobgoblins (D:2)
  2 quokkas (D:3)
  2 ball pythons
  5 giant newts
  6 jackals
  8 kobolds
  9 rats
57 creatures vanquished.

Notes
Turn   | Place    | Note
--------------------------------------------------------------
     0 | D:1      | MrRokkomies, the Demonspawn Transmuter, began the quest for the Orb.
     0 | D:1      | Reached XP level 1. HP: 15/15 MP: 3/3
   416 | D:1      | Reached skill level 3 in Unarmed Combat
   613 | D:1      | Gained mutation: You are partially covered in sharp spines. [demonic ancestry]
   613 | D:1      | Reached XP level 2. HP: 7/21 MP: 4/4
  1192 | D:2      | Gained mutation: Your flesh is heat resistant. [potion of beneficial mutation]
  1428 | D:2      | Gained mutation: You have sharp toenails. [demonic ancestry]
  1428 | D:2      | Reached XP level 3. HP: 18/26 MP: 4/6
  1710 | D:2      | Learned a level 3 spell: Spider Form
  1713 | D:2      | Learned a level 2 spell: Sticks to Snakes
  1714 | D:2      | Found a radiant altar of Vehumet.
  1730 | D:2      | Noticed Jessica
  1735 | D:2      | Killed Jessica
  2019 | D:2      | Reached XP level 4. HP: 17/32 MP: 7/7
  2216 | D:2      | Reached skill level 4 in Unarmed Combat
  2524 | D:3      | Found a shattered altar of Ashenzari.
  2535 | D:3      | Became a worshipper of Ashenzari the Shackled
  3171 | D:3      | Slain by an orc

Action                   |  1- 3 |  4- 6 || total
-------------------------+-------+-------++-------
Melee: Unarmed           |   116 |    42 ||   158
 Cast: Beastly Appendage |     1 |     2 ||     3
  Use: Scroll            |     5 |     1 ||     6
       Potion            |     1 |       ||     1
 Stab: Sleeping          |     1 |       ||     1
